 Dungeon Crawl Stone Soup version 0.21-a0-401-g0b6bec4 (webtiles) character file.

1432 tidbits the Charmwright (level 8, 64/64 HPs)
             Began as a Gnoll Skald on Oct 22, 2017.
             Quit the game on level 9 of the Dungeon.
             The game lasted 00:24:30 (2762 turns).

tidbits the Charmwright (Gnoll Skald)               Turns: 2762, Time: 00:24:31

Health: 64/64      AC:  8    Str: 13    XL:     8   Next: 73%
Magic:  17/17      EV: 14    Int: 21    God:
Gold:   81         SH:  0    Dex: 15    Spells: 8/19 levels left

rFire    + . .     SeeInvis .   a - +1 broad axe (flame)
rCold    + . .     Gourm    .   (no shield)
rNeg     . . .     Faith    +   B - +0 ring mail
rPois    +         Spirit   .   E - +0 helmet
rElec    .         Reflect  .   C - scarf {rC+ rF+}
rCorr    .         Harm     .   G - +0 pair of gloves
MR       .....                  (no boots)
Stlth    ++........             P - amulet of faith
HPRegen  0.20/turn              l - ring of poison resistance
MPRegen  0.15/turn              Q - +3 ring of intelligence

@: no status effects
A: distributed training, fangs 1, strong nose
a: no special abilities


You were on level 9 of the Dungeon.
You were hungry.

You visited 1 branch of the dungeon, and saw 8 of its levels.

You collected 363 gold pieces.
You spent 282 gold pieces at shops.

Inventory:

Hand Weapons
 a - a +1 broad axe of flaming (weapon)
   (You bought it in a shop on level 5 of the Dungeon)
 b - a +0 hunting sling
 k - a +2 flail of holy wrath
   (You took it off a gnoll on level 6 of the Dungeon)
 w - a +1 trident of protection
   (You found it on level 3 of the Dungeon)
 J - a +0 hand axe
 L - a +0 shortbow
 O - a +2 hand axe of freezing
   (You took it off an orc warrior on level 6 of the Dungeon)
Missiles
 e - 10 poisoned needles
 h - 113 stones (quivered)
 p - 26 sling bullets
 y - 8 tomahawks
 D - 26 bolts
 F - 6 needles of confusion
 M - 46 arrows
 N - 6 javelins
Armour
 g - a +0 leather armour
 B - a +0 ring mail (worn)
 C - a scarf of resistance (worn)
   (You found it on level 4 of the Dungeon)
 E - a +0 helmet (worn)
 G - a +0 pair of gloves (worn)
Jewellery
 l - a ring of poison resistance (left hand)
   (You found it on level 2 of the Dungeon)
 P - an amulet of faith (around neck)
   (You found it on level 6 of the Dungeon)
 Q - a +3 ring of intelligence (right hand)
   (You found it on level 6 of the Dungeon)
Scrolls
 i - a scroll of enchant weapon {unknown}
 j - 2 scrolls of fear {unknown}
 n - 6 scrolls of teleportation
 r - 2 scrolls of remove curse
 s - 3 scrolls of magic mapping
 I - 2 scrolls of amnesia
Potions
 f - 2 potions of brilliance
 q - a potion of invisibility
 t - 2 potions of heal wounds
 u - 3 potions of curing
 v - 2 potions of lignification
 z - a potion of might
 A - a potion of berserk rage
 H - a potion of cancellation {unknown}
 K - 3 potions of haste
Books
 c - a book of Battle

   Spells                             Type                      Level
   a - Infusion                       Charms                       1
   b - Shroud of Golubria             Charms/Translocation         2
   c - Song of Slaying                Charms                       2
   d - Spectral Weapon                Hexes/Charms                 3
   e - Regeneration                   Charms/Necromancy            3
Comestibles
 d - 8 bread rations
 m - a fruit
 o - 3 royal jellies
 x - 2 meat rations


   Skills:
 + Level 5.8 Fighting
 + Level 3.4 Short Blades
 + Level 3.4 Long Blades
 + Level 5.8 Axes
 + Level 3.4 Maces & Flails
 + Level 3.4 Polearms
 + Level 3.4 Staves
 + Level 3.4 Slings
 + Level 3.4 Bows
 + Level 3.4 Crossbows
 + Level 3.4 Throwing
 + Level 4.3 Armour
 + Level 5.8 Dodging
 + Level 3.4 Stealth
 + Level 3.4 Shields
 + Level 3.4 Unarmed Combat
 + Level 6.1 Spellcasting
 + Level 2.8 Conjurations
 + Level 2.8 Hexes
 + Level 6.2 Charms
 + Level 2.8 Summonings
 + Level 2.8 Necromancy
 + Level 2.8 Translocations
 + Level 2.8 Transmutations
 + Level 2.8 Fire Magic
 + Level 2.8 Ice Magic
 + Level 2.8 Air Magic
 + Level 2.8 Earth Magic
 + Level 2.8 Poison Magic
 + Level 3.8 Invocations
 + Level 3.4 Evocations


You had 8 spell levels left.
You knew the following spells:

 Your Spells              Type           Power        Failure   Level  Hunger
g - Shroud of Golubria    Chrm/Tloc      ####......   4%          2    None
i - Infusion              Chrm           ####         1%          1    None
r - Regeneration          Chrm/Necr      ####......   9%          3    ##.....
w - Spectral Weapon       Hex/Chrm       ####....     9%          3    ##.....
y - Song of Slaying       Chrm           ####....     2%          2    None


Dungeon Overview and Level Annotations

Branches:
Dungeon (7/15)
 Temple: D:4-7

Altars:
Xom
The Shining One

Shops:
D:5 (!


Innate Abilities, Weirdness & Mutations

Your experience applies equally to all skills.
You have very sharp teeth.
Your uncanny sense of smell can sniff out nearby items.


Message History

Casting: Spectral Weapon
Confirm with . or Enter, or press ? or * to list all spells.
You draw out your weapon's spirit!
The howler monkey closely misses you. The howler monkey barely misses you.
You slash the howler monkey! You burn the howler monkey.
The howler monkey is heavily wounded.
The howler monkey closely misses you.
The howler monkey hoots and howls with incredible vigour!
You hear a croak.
You hear a loud, deep croak!
You slash the howler monkey! You burn the howler monkey.
You kill the howler monkey!
You open the door.
There is an open door here.
You open the door.
Found a dented pearl amulet.
There is an open door here.
You see here a dented pearl amulet.
P - a dented pearl amulet Put on which piece of jewellery? (? for menu, Esc to quit)
You feel a strange surge of divine interest.
P - an amulet of faith (around neck)
You open the door.
Your spectral weapon fades away.
There is an open door here.
Found a stone staircase leading down.
You open the door.
A shadow imp comes into view.
The shadow imp shouts!
The shadow imp grinds its teeth.
The shadow imp misses you.
There is an open door here.
Casting: Spectral Weapon
Confirm with . or Enter, or press ? or * to list all spells.
You draw out your weapon's spirit!
The shadow imp hits you but does no damage.
You hit the shadow imp. You burn the shadow imp.
The shadow imp is almost dead.
Your spectral weapon hits the shadow imp.
Your spectral weapon burns the shadow imp.
You kill the shadow imp!
You swap places.
You swap places.
There is an open door here.
You are feeling hungry.
There is a stone staircase leading down here.
You climb downwards.
Your summoned ally is left behind.
Your spectral weapon fades away. 2 orcs come into view.
The orc shouts! x2
An orc comes into view. It is wielding a hand axe.
There is a stone staircase leading up here.
An orc comes into view. It is wielding a hand axe.
Casting: Spectral Weapon
Confirm with . or Enter, or press ? or * to list all spells.
You draw out your weapon's spirit!
The orc shouts! x2
Casting: Spectral Weapon
Confirm with . or Enter, or press ? or * to list all spells.
You start singing a song of slaying.
The orc misses you. The orc barely misses you.
You slash the orc! You burn the orc.
You kill the orc!
You closely miss the orc. The orc barely misses you.
You slice the orc!! You burn the orc.
You kill the orc!
You hit the orc. You burn the orc.
You kill the orc!
The orc closely misses you.
You slash the orc! You burn the orc.
You kill the orc!
You swap places.
Items here: ))) [ † a hand axe; a scale mail; a hand axe; a mace; an orc corpse You swap places.
There is a stone staircase leading up here.
You climb upwards.
Your summoned ally is left behind.
Your spectral weapon fades away.
There is a stone staircase leading down here.
Your song is almost over.
You open the door.
Found a blackened silver ring.
There is an open door here.
Found a potion of curing.
Your song has ended.
You see here a blackened silver ring.
Q - a blackened silver ring Put on which piece of jewellery? (? for menu, Esc to quit)
You feel clever.
Q - a +3 ring of intelligence (right hand)
You see here a potion of curing.
u - 3 potions of curing (gained 1)
You open the door.
There is an open door here.
As you open the door, it creaks loudly!
There is an open door here.
There is a shaft here.
You fall through a shaft for 3 floors!
The shaft crumbles and collapses.
A water moccasin and a killer bee come into view.
Are you sure you want to abandon this character and quit the game? (Confirm with "yes".)

########.......
...........y...
..............S
...............
...............
...............
..............#
#.@......#
#........#
#........#
#........#
.........# ∆
#+####...##
...# ...#


You could see a water moccasin (sleeping) and a killer bee (sleeping).

Vanquished Creatures
  A hippogriff (D:5)
  An orc warrior (D:6)
  A phantom (D:5)
  An ogre (D:3)
  3 centaurs
  A bullfrog (D:6)
  A scorpion (D:4)
  A howler monkey (D:6)
  2 crimson imps
  A hound (D:4)
  2 orc priests (D:4)
  A bullfrog skeleton (D:6)
  An orc wizard (D:4)
  Jessica (D:2)
  A gnoll shaman (D:6)
  5 worker ants
  Robin (D:2)
  5 adders
  5 gnolls (D:6)
  A shadow imp (D:6)
  An adder skeleton (D:6)
  3 worms
  2 dart slugs (D:1)
  3 leopard geckos
  20 orcs
  3 giant cockroaches
  6 hobgoblins
  5 bats
  4 frilled lizards
  11 goblins
  5 kobolds
  A leopard gecko skeleton (D:6)
  A quokka zombie (D:6)
  3 rats (D:1)
104 creatures vanquished.

Vanquished Creatures (others)
  2 spectral weapons
2 creatures vanquished.

Grand Total: 106 creatures vanquished

Notes
Turn   | Place    | Note
-------+----------+-------------------------------------------
     0 | D:1      | tidbits the Gnoll Skald began the quest for the Orb.
     0 | D:1      | Reached XP level 1. HP: 20/20 MP: 6/6
   165 | D:1      | Reached XP level 2. HP: 23/26 MP: 4/7
   169 | D:1      | Learned a level 2 spell: Song of Slaying
   172 | D:1      | Learned a level 2 spell: Shroud of Golubria
   397 | D:1      | Reached XP level 3. HP: 9/31 MP: 1/9
   402 | D:1      | Learned a level 3 spell: Regeneration
   406 | D:1      | Learned a level 3 spell: Spectral Weapon
   473 | D:2      | Noticed Robin
   476 | D:2      | Reached skill level 5 in Spellcasting
   478 | D:2      | Noticed Jessica
   492 | D:2      | Killed Robin
   492 | D:2      | Reached skill level 1 in Invocations
   494 | D:2      | Killed Jessica
   494 | D:2      | Reached skill level 1 in Short Blades
   494 | D:2      | Reached skill level 1 in Long Blades
   494 | D:2      | Reached skill level 1 in Maces & Flails
   494 | D:2      | Reached skill level 1 in Polearms
   494 | D:2      | Reached skill level 1 in Staves
   494 | D:2      | Reached skill level 1 in Slings
   494 | D:2      | Reached skill level 1 in Bows
   494 | D:2      | Reached skill level 1 in Crossbows
   494 | D:2      | Reached skill level 1 in Throwing
   494 | D:2      | Reached skill level 1 in Stealth
   494 | D:2      | Reached skill level 1 in Shields
   494 | D:2      | Reached skill level 1 in Unarmed Combat
   494 | D:2      | Reached skill level 1 in Evocations
   494 | D:2      | Reached XP level 4. HP: 9/38 MP: 0/11
   754 | D:2      | Reached skill level 1 in Conjurations
   754 | D:2      | Reached skill level 1 in Hexes
   754 | D:2      | Reached skill level 1 in Summonings
   754 | D:2      | Reached skill level 1 in Necromancy
   754 | D:2      | Reached skill level 1 in Translocations
   754 | D:2      | Reached skill level 1 in Transmutations
   754 | D:2      | Reached skill level 1 in Fire Magic
   754 | D:2      | Reached skill level 1 in Ice Magic
   754 | D:2      | Reached skill level 1 in Air Magic
   754 | D:2      | Reached skill level 1 in Earth Magic
   754 | D:2      | Reached skill level 1 in Poison Magic
   972 | D:3      | Noticed an ogre
   986 | D:3      | Killed an ogre
   986 | D:3      | Reached skill level 3 in Armour
   986 | D:3      | Reached XP level 5. HP: 9/43 MP: 6/12
  1207 | D:3      | Reached XP level 6. HP: 43/50 MP: 9/13
  1301 | D:5      | Entered Level 5 of the Dungeon
  1349 | D:4      | Reached skill level 2 in Invocations
  1425 | D:4      | Reached skill level 5 in Fighting
  1425 | D:4      | Reached skill level 2 in Short Blades
  1425 | D:4      | Reached skill level 2 in Long Blades
  1425 | D:4      | Reached skill level 5 in Axes
  1425 | D:4      | Reached skill level 2 in Maces & Flails
  1425 | D:4      | Reached skill level 2 in Polearms
  1425 | D:4      | Reached skill level 2 in Staves
  1425 | D:4      | Reached skill level 2 in Slings
  1425 | D:4      | Reached skill level 2 in Bows
  1425 | D:4      | Reached skill level 2 in Crossbows
  1425 | D:4      | Reached skill level 2 in Throwing
  1425 | D:4      | Reached skill level 5 in Dodging
  1425 | D:4      | Reached skill level 2 in Stealth
  1425 | D:4      | Reached skill level 2 in Shields
  1425 | D:4      | Reached skill level 2 in Unarmed Combat
  1425 | D:4      | Reached skill level 2 in Evocations
  1677 | D:5      | Noticed a hippogriff
  1689 | D:5      | Killed a hippogriff
  1689 | D:5      | Reached skill level 2 in Conjurations
  1689 | D:5      | Reached skill level 2 in Hexes
  1689 | D:5      | Reached skill level 2 in Summonings
  1689 | D:5      | Reached skill level 2 in Necromancy
  1689 | D:5      | Reached skill level 2 in Translocations
  1689 | D:5      | Reached skill level 2 in Transmutations
  1689 | D:5      | Reached skill level 2 in Fire Magic
  1689 | D:5      | Reached skill level 2 in Ice Magic
  1689 | D:5      | Reached skill level 2 in Air Magic
  1689 | D:5      | Reached skill level 2 in Earth Magic
  1689 | D:5      | Reached skill level 2 in Poison Magic
  1689 | D:5      | Reached XP level 7. HP: 44/56 MP: 10/15
  1704 | D:5      | Found Yryllimu's Weapon Boutique.
  1710 | D:5      | Bought a +1 broad axe of flaming for 142 gold pieces
  1963 | D:4      | Reached skill level 3 in Invocations
  2012 | D:5      | Found Igekk's Distillery.
  2020 | D:5      | Bought a potion of heal wounds for 70 gold pieces
  2020 | D:5      | Bought a potion of heal wounds for 70 gold pieces
  2082 | D:5      | Reached skill level 6 in Charms
  2082 | D:5      | Reached XP level 8. HP: 54/63 MP: 12/16
  2151 | D:6      | Reached skill level 4 in Armour
  2197 | D:6      | Reached skill level 3 in Short Blades
  2197 | D:6      | Reached skill level 3 in Long Blades
  2197 | D:6      | Reached skill level 3 in Maces & Flails
  2197 | D:6      | Reached skill level 3 in Polearms
  2197 | D:6      | Reached skill level 3 in Staves
  2197 | D:6      | Reached skill level 3 in Slings
  2197 | D:6      | Reached skill level 3 in Bows
  2197 | D:6      | Reached skill level 3 in Crossbows
  2197 | D:6      | Reached skill level 3 in Throwing
  2197 | D:6      | Reached skill level 3 in Stealth
  2197 | D:6      | Reached skill level 3 in Shields
  2197 | D:6      | Reached skill level 3 in Unarmed Combat
  2197 | D:6      | Reached skill level 3 in Evocations
  2243 | D:6      | Reached skill level 6 in Spellcasting
  2313 | D:5      | Found a shimmering altar of Xom.
  2314 | D:5      | Found a glowing golden altar of the Shining One.
  2761 | D:6      | You fall through a shaft for 3 floors!
  2762 | D:9      | Quit the game

Vault maps used:
D:1:      nagdon_arrival_double_spiral, nrook_mini_vaults, feat_on_display
D:2:      uniq_jessica, uniq_robin
D:3:      first_bread
D:4:      eino_tiny_chamber, st_stairs_3
D:5:      nicolae_overflow_hidden_temple, serial_shops,
          nicolae_shop_temple_entry_statues_fountains, shop_fountains
D:7:      minmay_temple_entry_nine_rooms, uniq_pikel, uniq_joseph
D:9:      hangedman_abyss_or_decor_slice

Skill      XL: |  1  2  3  4  5  6  7  8 |
---------------+-------------------------+-----
Spellcasting   | 5 6 |  6.1
Invocations    | 1 2 3 |  3.8
Short Blades   | 1 2 3 |  3.4
Long Blades    | 1 2 3 |  3.4
Maces & Flails | 1 2 3 |  3.4
Polearms       | 1 2 3 |  3.4
Staves         | 1 2 3 |  3.4
Slings         | 1 2 3 |  3.4
Bows           | 1 2 3 |  3.4
Crossbows      | 1 2 3 |  3.4
Throwing       | 1 2 3 |  3.4
Stealth        | 1 2 3 |  3.4
Shields        | 1 2 3 |  3.4
Unarmed Combat | 1 2 3 |  3.4
Evocations     | 1 2 3 |  3.4
Conjurations   | 1 2 |  2.8
Hexes          | 1 2 |  2.8
Summonings     | 1 2 |  2.8
Necromancy     | 1 2 |  2.8
Translocations | 1 2 |  2.8
Transmutations | 1 2 |  2.8
Fire Magic     | 1 2 |  2.8
Ice Magic      | 1 2 |  2.8
Air Magic      | 1 2 |  2.8
Earth Magic    | 1 2 |  2.8
Poison Magic   | 1 2 |  2.8
Armour         | 3 4 |  4.3
Fighting       | 5 |  5.8
Axes           | 5 |  5.8
Dodging        | 5 |  5.8
Charms         | 6 |  6.2

Action                   |  1- 3 |  4- 6 |  7- 9 || total
-------------------------+-------+-------+-------++-------
Melee: Hand axe          |    60 |    96 |    72 ||   228
       Bite              |     8 |    15 |     8 ||    31
       Trident           |       |     6 |       ||     6
       Punch             |       |       |     1 ||     1
       Broad axe         |       |       |    35 ||    35
 Cast: Infusion          |     6 |     1 |     1 ||     8
       Spectral Weapon   |     3 |    20 |    18 ||    41
       Regeneration      |     1 |     5 |     2 ||     8
       Shroud of Golubri |       |     2 |       ||     2
       Song of Slaying   |       |       |     2 ||     2
  Use: Scroll            |     1 |       |    10 ||    11
       Potion            |     2 |       |     1 ||     3
 Stab: Invisible         |     5 |       |       ||     5
       Distracted        |       |     4 |       ||     4
  Eat: Chunk             |       |     4 |     5 ||     9
Armor: Leather armour    |     7 |       |       ||     7
       Ring mail         |       |    34 |    35 ||    69
Dodge: Dodged            |    43 |    73 |    73 ||   189

Table legend:
 A = Spawn XP
 B = Non-spawn XP
 C = Spawn XP percentage of total XP
 D = Spawn monster count
 E = Non-spawn monster count
 F = Spawn count percentage of total count
 G = Total turns spent on level
                    A         B        C        D         E        F      G
               +---------+---------+-------+---------+---------+-------+---------
         Total |       0 |    2046 |   0.0 |       0 |     104 |   0.0 |  2762
               +---------+---------+-------+---------+---------+-------+---------
           D:1 |       0 |      34 |   0.0 |       0 |      18 |   0.0 |   439
           D:2 |       0 |     116 |   0.0 |       0 |      24 |   0.0 |   472
           D:3 |       0 |     147 |   0.0 |       0 |       5 |   0.0 |   352
           D:4 |       0 |     393 |   0.0 |       0 |      21 |   0.0 |   439
           D:5 |       0 |     568 |   0.0 |       0 |       7 |   0.0 |   507
           D:6 |       0 |     776 |   0.0 |       0 |      25 |   0.0 |   487
           D:7 |       0 |      12 |   0.0 |       0 |       4 |   0.0 |    65
               +---------+---------+-------+---------+---------+-------+---------

Table legend:
 A = Turns spent in this place as a percentage of turns spent in the entire game.
 B = Non-inter-level travel turns spent in this place as a percentage of non-inter-level travel turns spent in the entire game.
 C = Inter-level travel turns spent in this place as a percentage of turns spent in this place.
 D = Turns resting spent in this place as a percentage of non-inter-level travel turns spent in this place.
 E = Turns spent auto-exploring this place as a percentage of non-inter-level travel turns spent in this place.
 F = Non-inter-level travel turns spent in this place divided by the number of levels of this place that you've seen.
                   A       B       C       D       E      F
               +-------+-------+-------+-------+-------+----------------------
         Total | 100.0 | 100.0 |   2.2 |   0.0 |   0.0 | 337.6
       Dungeon | 100.0 | 100.0 |   2.2 |   0.0 |   0.0 | 337.6
               +-------+-------+-------+-------+-------+----------------------

Table legend:
 A = Kills in this place as a percentage of kills in entire the game.
 B = Kills by you in this place as a percentage of kills by you in the entire game.
 C = Kills by friends in this place as a percentage of kills by friends in the entire game.
 D = Other kills in this place as a percentage of other kills in the entire game.
 E = Experience gained in this place as a percentage of experience gained in the entire game.
 F = Experience gained in this place divided by the number of levels of this place that you have seen.
                   A       B       C       D       E      F
               +-------+-------+-------+-------+-------+----------------------
         Total | 100.0 | 100.0 |   N/A |   N/A | 100.0 | 255.8
       Dungeon | 100.0 | 100.0 |   N/A |   N/A | 100.0 | 255.8
               +-------+-------+-------+-------+-------+----------------------

Vault maps used:
D:1:      nagdon_arrival_double_spiral, nrook_mini_vaults, feat_on_display
D:2:      uniq_jessica, uniq_robin
D:3:      first_bread
D:4:      eino_tiny_chamber, st_stairs_3
D:5:      nicolae_overflow_hidden_temple, serial_shops,
          nicolae_shop_temple_entry_statues_fountains, shop_fountains
D:7:      minmay_temple_entry_nine_rooms, uniq_pikel, uniq_joseph
D:9:      hangedman_abyss_or_decor_slice
